 Dungeon Crawl Stone Soup version 0.32-a0-460-gc8eefc90e7 (webtiles) character file.

Game seed: 7164164166580508727

1793857 nakedcarnage the Slayer (level 26, 241/241 HPs)
             Began as an Octopode Wanderer on Feb 24, 2024.
             Was the Champion of Hepliaklqana.
             Escaped with the Orb
             ... and 3 runes!
             The game lasted 01:32:06 (57777 turns).

nakedcarnage the Slayer (Octopode Wanderer)        Turns: 57777, Time: 01:32:06

Health: 241/241    AC: 43    Str: 16    XL:     26   Next: 61%
Magic:  32/32      EV: 45    Int: 21    God:    Hepliaklqana [******]
Gold:   2280       SH: 22    Dex: 31    Spells: 25/37 levels left

rFire   + . .        o - +9 demon blade (chaos)
rCold   + . .        R - +5 kite shield
rNeg    + . .        N - +2 hat {Will+}
rPois   ∞            G - amulet of regeneration
rElec   +            d - +5 ring of evasion
rCorr   .            c - ring "Josocs" {rF+ rC+ Str+3 Int+4}
SInv    .            M - ring of willpower
Will    +++..        K - +5 ring of evasion
Stlth   ++           s - +6 ring of dexterity
HPRegen 1.40/turn    x - +4 ring of protection
MPRegen 0.23/turn    S - +4 ring of protection
                     F - +6 ring of dexterity

%: no passive effects
@: statue-form, very slow
A: slow and powerful, torment resistance 1, boosted hp, reduced essence, almost
no armour, amphibious, 8 rings, camouflage 1, (gelatinous body 1), (nimble
swimmer 1), tentacles
0: Orb of Zot
}: 3/15 runes: barnacled, silver, gossamer
a: Begin Untransformation, Renounce Religion, Recall Ancestor, Ancestor
Identity, Transference, Idealise


You escaped.
You worshipped Hepliaklqana.
Hepliaklqana was exalted by your worship.
You were a living statue of rough stone.
You visited 10 branches of the dungeon, and saw 48 of its levels.
You visited the Abyss 1 time.
You visited 2 bazaars.
You also visited: Ossuary and Ice Cave.

You collected 9280 gold pieces.
You spent 7000 gold pieces at shops.

Inventory:

Hand Weapons
 o - a +9 demon blade of chaos (weapon)
Missiles
 w - a throwing net (quivered) {!f}
Armour
 N - a +2 hat of willpower (worn)
 R - a +5 kite shield (worn)
Jewellery
 a - a ring of protection from fire
 b - a ring of protection from fire
 c - the ring "Josocs" (right tentacle) {rF+ rC+ Str+3 Int+4}
   (You took it off a deep elf high priest on level 3 of the Elven Halls)

   [ring of protection from cold]

   Str+3:     It affects your strength (+3).
   Int+4:     It affects your intelligence (+4).
   rF+:       It protects you from fire.
   rC+:       It protects you from cold.
 d - a +5 ring of evasion (left tentacle)
 e - the ring "Ompadd Puef" {Ice Stlth+}
   (You took it off a deep elf annihilator on level 5 of the Vaults)

   [ring of ice]

   Ice:       It enhances your ice magic.
   rF-:       It makes you vulnerable to fire.
   rC+:       It protects you from cold.
   Stlth+:    It makes you more stealthy.
 k - the amulet "Citt" {Spirit Rampage rN+}
   (You found it in an ice cave)

   [amulet of guardian spirit]

   Spirit:    It causes incoming damage to be divided between your reserves of
   health and magic.
   rN+:       It protects you from negative energy.
   Rampage:   It bestows one free step when moving towards enemies.
 p - a ring of protection from cold
 s - a +6 ring of dexterity (on tentacle)
 x - a +4 ring of protection (on tentacle)
 y - a ring of wizardry
 F - a +6 ring of dexterity (on tentacle)
 G - an amulet of regeneration (around mantle)
 H - a +4 ring of slaying
 K - a +5 ring of evasion (on tentacle)
 L - a ring of see invisible
 M - a ring of willpower (on tentacle)
 O - the ring "Holuw" {^Drain rPois rC+ rN+}
   (You took it off a vault guard on level 5 of the Vaults)

   [ring of positive energy]

   rC+:       It protects you from cold.
   rPois:     It protects you from poison rN+: It protects you from negative
   energy.
   ^Drain:    It drains your maximum health when unequipped.
 S - a +4 ring of protection (on tentacle)
 X - the amulet "Selim" {Reflect *Corrode +Inv Str+3 SH+5 Stlth+}
   (You took it off a black draconian on level 5 of the Realm of Zot)

   [amulet of reflection]

   Reflect:   It reflects blocked missile attacks.
   Str+3:     It affects your strength (+3).
   +Inv:      It lets you turn invisible.
   *Corrode:  It may corrode you when you take damage.
   SH+5:      It affects your SH (+5).
   Stlth+:    It makes you more stealthy.
Talismans
 U - a granite talisman (active)
Wands
 z - a wand of roots (68)
 E - a wand of acid (16) {@v1}
 Q - a wand of digging (18) {@v3}
 T - a wand of paralysis (42)
Scrolls
 g - 10 scrolls of fog
 l - 23 scrolls of teleportation {@r3}
 q - 4 scrolls of butterflies
 r - 13 scrolls of fear
 D - 4 scrolls of blinking {@r4}
 J - 3 scrolls of revelation
 V - a scroll of enchant armour
 Z - 8 scrolls of silence
Potions
 h - a potion of invisibility
 i - 29 potions of curing {@q1}
 j - 14 potions of heal wounds {@q2}
 m - 6 potions of enlightenment
 n - 8 potions of mutation
 t - 5 potions of resistance {@q5}
 u - 5 potions of lignification
 v - 15 potions of might {@q3}
 B - 6 potions of ambrosia
 C - 2 potions of cancellation
 P - 2 potions of haste {@q4}
 W - 2 potions of magic
Miscellaneous
 f - a lightning rod (4/4)
 A - a phantom mirror
 I - a phial of floods
 Y - a box of beasts


   Skills:
 - Level 24.2 Fighting
 + Level 19.9 Long Blades
 - Level 6.9 Staves
 - Level 19.9 Dodging
 - Level 3.0 Stealth
 - Level 15.0 Shields
 - Level 6.0 Spellcasting
 - Level 2.0 Summonings
 - Level 6.0 Translocations
 - Level 5.0 Earth Magic
 - Level 12.0 Invocations
 - Level 3.4 Evocations
 - Level 21.0 Shapeshifting


You had 25 spell levels left.
You knew the following spells:

 Your Spells              Type           Power      Damage    Failure   Level
a - Lesser Beckoning      Tloc           62%        N/A       1%          2
b - Apportation           Tloc           62%        N/A       1%          1
c - Blink                 Tloc           62%        N/A       1%          2
d - Passage of Golubria   Tloc           31%        N/A       14%         4
e - Passwall              Erth           27%        N/A       6%          3

Your spell library contained the following spells:

 Spells                   Type           Power      Damage    Failure   Level
 Sandblast                Erth           54%        2d13      1%          1
 Gell's Gravitas          Tloc           31%        N/A       4%          3
 Teleport Other           Tloc           31%        N/A       4%          3
 Summon Small Mammal      Summ           56%        N/A       7%          1
 Momentum Strike          Conj/Tloc      36%        3d9       7%          2
 Call Imp                 Summ           28%        N/A       11%         2
 Freeze                   Ice            24%        1d4       16%         1
 Magic Dart               Conj           24%        1d4       16%         1
 Necrotise                Necr           24%        1d5       16%         1
 Sting                    Conj/Alch      24%        1d4       16%         1
 Stone Arrow              Conj/Erth      32%        3d9       17%         3
 Cigotuvi's Dreadful Rot  Necr/Alch/Air  12%        N/A       24%         2
 Ensorcelled Hibernation  Hex/Ice        12%        N/A       24%         2
 Jinxbite                 Hex            12%        N/A       24%         2
 Mercury Vapours          Alch/Air       12%        N/A       24%         2
 Searing Ray              Conj           12%        2d4       24%         2
 Static Discharge         Conj/Air       12%        3-4/arc   24%         2
 Frozen Ramparts          Ice            12%        1d2       43%         3
 Fugue of the Fallen      Necr           6%         N/A       43%         3
 Hailstorm                Conj/Ice       6%         3d5       43%         3
 Inner Flame              Hex/Fire       6%         N/A       43%         3
 Mephitic Cloud           Conj/Alch/Air  6%         N/A       43%         3
 Swiftness                Air            6%         N/A       43%         3
 Tukima's Dance           Hex            6%         N/A       43%         3
 Dimensional Bullseye     Hex/Tloc       9%         N/A       43%         4
 Iskenderun's Mystic Bla  Conj/Tloc      18%        2d6       43%         4
 Leda's Liquefaction      Alch/Erth      8%         N/A       50%         4
 Lee's Rapid Deconstruct  Erth           13%        3d9*      50%         5
 Summon Forest            Summ/Tloc      11%        N/A       65%         5
 Martyr's Knell           Necr/Summ      10%        N/A       71%         4
 Summon Lightning Spire   Summ/Air       10%        N/A       71%         4
 Airstrike                Air            3%         2d(1-17)  85%         4
 Anguish                  Hex/Necr       3%         N/A       85%         4
 Cause Fear               Hex            3%         N/A       85%         4
 Flame Wave               Conj/Fire      6%         2d5       85%         4
 Fulminant Prism          Conj/Alch      3%         3d5       85%         4
 Ignite Poison            Fire/Alch      6%         N/A       85%         4
 Sticky Flame             Fire/Alch      6%         2d4       85%         4
 Summon Mana Viper        Hex/Summ       10%        N/A       96%         5
 Freezing Cloud           Conj/Ice/Air   3%         6-21      99%         5
 Irradiate                Conj/Alch      3%         3d12      99%         5
 Yara's Violent Unravell  Hex/Alch       3%         3d4       99%         5
 Bombard                  Conj/Erth      8%         9d2       100%        6
 Sculpt Simulacrum        Ice/Alch       3%         N/A       100%        6
 Enfeeble                 Hex            3%         N/A       100%        7
 Haunt                    Necr/Summ      5%         N/A       100%        7
 Malign Gateway           Summ/Tloc      11%        N/A       100%        7
 Ozocubu's Refrigeration  Ice            3%         4d8       100%        7
 Summon Hydra             Summ           7%         N/A       100%        7
 Borgnjor's Revivificati  Necr           3%         N/A       100%        8
 Lehudib's Crystal Spear  Conj/Erth      8%         10d3      100%        8
 Summon Horrible Things   Summ           7%         N/A       100%        8
 Chain Lightning          Conj/Air       3%         3d4       100%        9
 Death's Door             Necr           3%         N/A       100%        9
 Fire Storm               Conj/Fire      3%         8d1       100%        9
 Polar Vortex             Ice            3%         N/A       100%        9
 Shatter                  Erth           13%        3d14*     100%        9
 Sublimation of Blood     Necr           Unusable   N/A       N/A         2
 Animate Armour           Summ/Erth      Unusable   N/A       N/A         4

Dungeon Overview and Level Annotations

Branches:
Dungeon (15/15)            Temple (1/1) D:7            Lair (5/5) D:8
 Shoals (4/4) Lair:2       Spider (4/4) Lair:2        Slime (0/5) Lair:4
    Orc (2/2) D:9             Elf (3/3) Orc:2        Vaults (5/5) D:13
  Crypt (0/3) Vaults:3     Depths (4/4) D:15            Zot (5/5) Depths:4
Ossuary (visited)           IceCv (visited)

Altars:
Ashenzari
Cheibriados
Dithmenos
Elyvilon
Fedhas
Gozag
Hepliaklqana
Kikubaaqudgha
Makhleb
Nemelex Xobeh
Okawaru
Qazlal
Ru
Sif Muna
Trog
Uskayaw
Vehumet
Wu Jian
Xom
Yredelemnul
Zin
The Shining One
Beogh
Jiyva

Shops:
D:11 [   D:12 ([   D:15 !   Orc:1 =   Orc:2 !?[!   Elf:1 *:   Elf:2 ?
Vaults:1 :   Vaults:2 (   Vaults:4 [![*   Zot:5 *   Depths:2 =   Depths:4 *

Portals:
Hell: Depths:1 Depths:2 Depths:3 Depths:4
Abyss: Depths:3 Depths:4
Pandemonium: Depths:2
Ziggurat: Depths:3

Annotations:
Shoals:2 2 transporters, Sufi's ghost, adept GrEE
Zot:5 3 runed translucent doors, Borsukrates's ghost, legendary FoEn; Sisiakhle's ghost, legendary KoDe


Innate Abilities, Weirdness & Mutations

You are a living statue of rough stone.
Your actions are slow, but your melee attacks are powerful.
You are resistant to unholy torment.
Your maximum health is greatly increased.
Your life essence is reduced to manifest your ancestor. (-10% HP)
You cannot wear most types of armour.
You are amphibious.
You can wear up to eight rings at the same time.
You are immune to poison.
Your skin changes colour to match your surroundings (Stealth+).
((Your rubbery body absorbs attacks. (AC +1, EV +1)))
((You are camouflaged when in or above water. (Stealth+)))
You have tentacles for arms and can constrict up to eight enemies at once.


Message History

The Hell Sentinel partially resists.
You hit the Hell Sentinel but do no damage.
The Hell Sentinel seems to grow stronger.
You block the Hell Sentinel's attack. x2
You slash the Hell Sentinel!
The Hell Sentinel completely misses you.
You block the Hell Sentinel's attack.
Namm casts a spell at the Hell Sentinel.
The crystal spear hits the Hell Sentinel!!
You catch the helpless Hell Sentinel completely off-guard!
You open the Hell Sentinel like a pillowcase!!!
You kill the Hell Sentinel!
A soul eater comes into view.
The soul eater moves out of view.
There is an escape hatch in the ceiling here.
A mysterious force pulls you upwards. The hatch slams shut behind you.
What level of the Dungeon? (default 1, ? - help)
An Orb Guardian comes into view.
Namm mumbles some strange words.
Namm seems to speed up.
There is a stone staircase leading up here.
Namm closely misses the Orb Guardian.
The Orb Guardian completely misses you.
Namm hits the Orb Guardian with a +0 lajatang of freezing!!
Namm freezes the Orb Guardian!
You climb upwards.
There is a stone staircase leading down here.
There is an escape hatch in the ceiling here.
A mysterious force pulls you upwards. The hatch slams shut behind you.
As you open the door, it creaks loudly!
There is an open door here.
There is an open door here.
A shadow demon comes into view.
Unknown command.
The shadow demon gestures.
There is a stone staircase leading up here.
The shadow demon gestures.
You climb upwards.
There is a stone staircase leading down here.
There is a staircase leading out of the dungeon here.
You have escaped!

...........######.######.........
...#...#####.....................
...#...# #.............#.......
.......# #.............#...>...
.......# #.............#.......
.......# #........##...#####.##
####...# #######...#...#####.##
####♣♣♣♣♣♣♣♣♣♣#...#.....#.....
### ♣♣.....♣#.I♣...##....#.....
..# ♣♣..........♣.........#.....
#.# ♣....♣.♣...♣#.........#.....
#.###♣.....⌠.....♣...............
#....♣....♣.♣....♣##.............
.....♣♣.........♣♣ #.............
##...#♣♣.......♣♣ #.............
#......♣♣♣...♣♣♣ #.............
#....#.#.#...#######.............


There were no monsters in sight!

Vanquished Creatures
  8 dread liches
  5 ancient liches
  2 orbs of fire (Zot:5)
  4 juggernauts
  Sojobo (Vaults:2)
  Boris (twice) (Vaults:1 Vaults:4)
  A Killer Klown (Zot:5)
  2 curse toes (Zot:4)
  A golden dragon (Zot:5)
  A Tzitzimitl (D:11)
  An electric golem (Zot:5)
  Jorgrun (D:12)
  A Hell Sentinel (D:5)
  6 tentacled monstrosities
  14 Orb Guardians (Zot:5)
  2 liches
  A walking divine tome (Depths:3)
  2 quicksilver dragons
  2 krakens
  Asterion (Vaults:2)
  3 death cobs (Zot:4)
  A deep elf blademaster (Elf:3)
  A deep elf master archer (Elf:3)
  2 sphinxes
  Aizul (Vaults:1)
  7 tengu reavers
  8 storm dragons
  2 shadow dragons
  Agnes (D:15)
  An azure jelly (IceCv)
  3 draconian monks
  A protean progenitor (Zot:1)
  2 draconian knights (Zot:4)
  9 fire giants
  A revenant (Vaults:3)
  A draconian scorcher (Zot:5)
  13 vault wardens
  An iron dragon (Depths:3)
  3 emperor scorpions
  2 ghost moths (Zot:5)
  8 frost giants
  3 draconian shifters
  Louise (Spider:3)
  7 deep elf sorcerers
  2 deep elf elementalists (Elf:3)
  10 ironbound preservers
  2 spectral caustic shrikes (Depths:3)
  2 spriggan defenders
  A broodmother (Spider:3)
  2 draconian annihilators
  12 stone giants
  A formless jellyfish (Vaults:3)
  3 very ugly things
  4 quicksilver oozes (IceCv)
  A lorocyproca (Depths:2)
  2 vampire knights (Depths:3)
  2 ironbound thunderhulks
  7 deep elf death magi
  5 deep elf annihilators
  4 green draconians (Zot:5)
  A black draconian (Zot:5)
  A war gargoyle (Depths:2)
  6 deep elf demonologists
  2 white draconians
  2 red draconians
  8 dire elephants
  2 purple draconians (Zot:5)
  3 spark wasps
  12 ettins
  An eidolon (Vaults:3)
  Josephine (Lair:4)
  9 merfolk impalers
  3 fire dragons
  A green death (Depths:2)
  3 merfolk javelineers
  12 yaktaur captains
  8 deep elf high priests (Elf:3)
  4 rakshasas
  6 entropy weavers
  8 great orbs of eyes
  6 ice dragons
  21 vault guards
  An anaconda (Zot:3)
  2 hydras
  2 ogre magi
  A hell beast (Depths:2)
  8 ironbound frosthearts
  A sphinx zombie (Vaults:4)
  A merfolk avatar (Shoals:4)
  Erica (D:8)
  7 boulder beetles
  5 spriggan air magi
  A radroach (Spider:4)
  21 dancing weapons
  8 two-headed ogres
  A vampire mage (Vaults:3)
  4 centaur warriors
  A satyr (Shoals:4)
  6 merfolk aquamancers
  2 catoblepae (Lair:5)
  6 death yaks (Lair:5)
  3 deep troll earth magi
  6 tengu warriors
  5 demonic crawlers
  4 deep troll shamans
  3 orc high priests
  A hell hog (Depths:2)
  3 hell knights
  7 deep elf knights
  2 spriggan berserkers
  11 iron trolls
  6 skysharks
  7 sea snakes
  A spectral spark wasp (Depths:2)
  A skyshark (shapeshifter) (Elf:3)
  3 skeletal warriors
  2 flayed ghosts (Depths:2)
  2 glowing orange brains
  2 sixfirhies
  4 pharaoh ants
  41 deep trolls
  5 arcanists
  11 deep elf archers
  2 orb spiders
  15 ironbound convokers
  A sun moth (Spider:4)
  An orange crystal statue (IceCv)
  32 harpies
  3 phantasmal warriors
  4 lindwurms
  24 deep elf pyromancers
  29 deep elf zephyrmancers
  2 orc knights
  6 necromancers
  2 steelbarb worms
  21 ugly things
  2 human zombies (Vaults:4)
  14 wolf spiders
  10 orc sorcerers
  3 fauns
  A tengu skeleton (Vaults:4)
  14 manticores
  A salamander (Depths:4)
  12 moths of wrath
  3 cyclopes
  A faun (shapeshifter) (Depths:3)
  4 kobold blastminers
  Maurice (D:8)
  4 meliai
  A worldbinder (Abyss:3)
  A titan simulacrum (Vaults:4)
  A black mamba (shapeshifter) (D:13)
  An eye of devastation (shapeshifter) (Vaults:5)
  6 water nymphs
  3 merfolk sirens
  19 slime creatures
  10 elephants
  8 black mambas
  A smoke demon (Zot:1)
  A torpor snail (Spider:4)
  A torpor snail (shapeshifter) (Depths:2)
  13 cane toads
  7 vault sentinels
  A starcursed mass (Abyss:3)
  2 gargoyles
  A molten gargoyle (D:13)
  An unseen horror (D:12)
  3 rime drakes
  8 komodo dragons
  An efreet (D:14)
  Psyche (D:11)
  2 tengu conjurers
  A yaktaur (shapeshifter) (Depths:2)
  17 yaktaurs
  13 merfolk
  3 wind drakes
  3 polar bears
  2 tengu simulacra
  A hornet (Depths:2)
  6 trolls
  13 blink frogs
  2 tyrant leeches (Spider:2)
  A raiju (Abyss:3)
  A glass eye (Depths:4)
  8 tarantellas
  2 dream sheep (Shoals:3)
  A jumping spider (shapeshifter) (Vaults:5)
  A frost giant simulacrum (Vaults:4)
  5 snapping turtles
  12 culicivoras
  2 centaur simulacra
  A spriggan (Depths:2)
  11 jumping spiders
  An air elemental (Elf:3)
  A spriggan (shapeshifter) (D:13)
  9 water elementals
  6 wyverns
  A human (D:4)
  6 wraiths
  4 fire elementals (Spider:3)
  5 basilisks
  51 yaks
  2 steam dragons
  34 redbacks
  9 vampire mosquitoes
  A redback (shapeshifter) (D:11)
  A swamp worm (shapeshifter) (Depths:3)
  2 acid dragons
  3 great orb of eyes simulacra (IceCv)
  10 water moccasins
  2 hell hounds (Spider:3)
  21 orc warriors
  A laughing skull (D:14)
  2 ice beasts
  9 ogres
  2 black bears (D:5)
  11 wolves
  4 centaurs
  2 lemures (D:4)
  A brain worm (Abyss:3)
  A kobold brigand (D:7)
  2 bullfrogs (shapeshifter)
  11 bullfrogs
  A scorpion (D:5)
  2 gnoll sergeants (D:7)
  3 earth elementals
  9 wights (D:8)
  7 killer bees
  An electric eel (Lair:4)
  3 howler monkeys
  23 orc priests
  2 bombardier beetles
  2 hounds (D:6)
  3 jellies
  Crazy Yiuf (D:2)
  3 gnoll boudas
  37 orc wizards
  4 yak simulacra (Lair:3)
  4 polar bear simulacra (Lair:3)
  A wolf simulacrum (Lair:3)
  2 human simulacra
  8 mummies (Ossuary)
  20 gnolls
  A river rat (Lair:3)
  13 adders
  2 shadow imps
  3 ribbon worms (D:3)
  5 dart slugs
  38 orcs
  12 ball pythons
  6 endoplasms
  3 giant cockroaches
  6 goblins
  8 hobgoblins
  3 jackals (D:3)
  5 quokkas
  8 bats
  4 frilled lizards
  3 hobgoblin zombies (Ossuary)
  16 kobolds
  4 kobold zombies (Ossuary)
  An orc zombie (Ossuary)
  5 rats
  2 aspiring fleshes (Zot:1)
  2 tentacles (Shoals:4)
1441 creatures vanquished.

Vanquished Creatures (collateral kills)
  4 dread liches
  An ancient lich (Zot:5)
  2 Killer Klowns (Zot:5)
  2 curse toes
  Margery (Vaults:2)
  A golden dragon (Depths:3)
  Nikola (Shoals:4)
  Norris (Vaults:1)
  A Brimstone Fiend (D:7)
  An electric golem (Zot:5)
  2 tentacled monstrosities
  Rupert (Lair:5)
  A hellephant (Vaults:2)
  2 liches
  2 walking frostbound tomes
  11 Orb Guardians (Zot:5)
  A titan (Vaults:5)
  2 sphinxes
  2 quicksilver dragons
  3 storm dragons
  4 tengu reavers
  4 shadow dragons
  3 protean progenitors
  2 azure jellies (IceCv)
  2 fire giants
  A rockslime (IceCv)
  An iron dragon (Vaults:2)
  4 emperor scorpions
  A draconian shifter (Zot:4)
  6 frost giants
  2 ghost moths (Spider:4)
  4 vault wardens
  2 spectral caustic shrikes (Depths:3)
  A quicksilver ooze (IceCv)
  4 stone giants
  4 ironbound preservers
  2 ironbound thunderhulks
  A broodmother (Spider:2)
  A formless jellyfish (Vaults:2)
  A deep elf death mage (Vaults:5)
  5 very ugly things
  A green draconian (Zot:4)
  A deep elf annihilator (Elf:3)
  A yellow draconian (Zot:2)
  2 dire elephants
  2 purple draconians
  Azrael (Spider:3)
  A war gargoyle (Vaults:5)
  A wendigo (Depths:4)
  3 spark wasps
  A black draconian (Zot:5)
  A lorocyproca (Depths:4)
  A red draconian (Depths:4)
  9 ettins
  A crystal guardian (Vaults:4)
  The ghost of Ogavoroi the Bludgeoner, a journeyman TrWr of Hepliaklqana (Lair:3)
  3 entropy weavers
  12 vault guards (Vaults:5)
  A deep elf high priest (Vaults:5)
  2 ice dragons
  2 peacekeepers
  A hell beast (Zot:2)
  2 rakshasas
  2 catoblepae
  A hydra (D:14)
  2 jorogumos (Zot:3)
  2 spriggan air magi
  A merfolk avatar (Shoals:4)
  An ogre mage (Vaults:5)
  6 centaur warriors
  A death scarab (Spider:3)
  7 dancing weapons
  4 two-headed ogres
  A death yak (Lair:5)
  4 boulder beetles
  A merfolk aquamancer (Shoals:4)
  3 tengu warriors (Depths:1)
  A deep troll shaman (Depths:1)
  A deep troll earth mage (Depths:2)
  A spriggan berserker (Depths:2)
  2 vampire magi
  5 deep elf knights
  4 skysharks
  A skyshark (shapeshifter) (Vaults:5)
  A death drake (Lair:5)
  A storm dragon skeleton (Vaults:4)
  4 iron trolls
  3 pharaoh ants
  13 deep trolls
  2 goliath frogs (Zot:1)
  5 orb spiders
  2 arcanists (Vaults:1)
  A swamp dragon (shapeshifter) (D:13)
  A sea snake (shapeshifter) (Vaults:5)
  6 ironbound convokers
  A flayed ghost (Vaults:5)
  A phantasmal warrior (Vaults:5)
  A quicksilver dragon simulacrum (Depths:2)
  2 lindwurms (Vaults:1)
  A deep elf archer (Elf:1)
  3 steelbarb worms
  2 orc knights
  A manticore (Shoals:1)
  7 wolf spiders
  3 orc sorcerers
  A deep elf pyromancer (D:14)
  7 harpies
  4 deep elf zephyrmancers
  6 fauns
  6 ugly things
  2 cyclopes
  2 meliai
  9 moths of wrath
  2 elephants (Lair:3)
  A kobold blastminer (Orc:1)
  A water nymph (Shoals:1)
  2 merfolk sirens
  A gargoyle (D:12)
  A black mamba (Lair:3)
  8 vault sentinels
  3 cane toads
  A torpor snail (Spider:3)
  3 molten gargoyles (D:13)
  2 kobold demonologists (D:12)
  7 efreet
  An unseen horror (D:12)
  4 komodo dragons
  6 yaktaurs
  A tengu conjurer (Depths:4)
  An ice devil (Depths:4)
  4 trolls
  3 merfolk
  3 tarantellas
  2 tyrant leeches (Spider:2)
  8 blink frogs
  2 dream sheep (Shoals:3)
  9 slime creatures
  6 culicivoras
  7 jumping spiders
  A wyvern (D:8)
  7 water elementals
  19 yaks
  A fire elemental (Spider:3)
  2 basilisks (Lair:1)
  5 wargs
  21 redbacks
  2 steam dragons
  A vampire mosquito (D:12)
  A neqoxec (Abyss:3)
  3 water moccasins
  8 great orb of eyes simulacra (IceCv)
  A black bear (Lair:4)
  12 orc warriors
  2 boggarts (Elf:1)
  5 ogres
  A tengu (shapeshifter) (Vaults:5)
  6 wolves (Lair:2)
  A lemure (D:4)
  A centaur (D:14)
  A kobold brigand (D:9)
  A phantom (D:4)
  3 slime creature simulacra (IceCv)
  3 bullfrogs
  A gnoll sergeant (D:11)
  2 glowing shapeshifter simulacra (IceCv)
  4 killer bees (D:9)
  An electric eel (Lair:3)
  12 orc priests
  3 starcursed masses (Abyss:3)
  19 orc wizards
  A yak simulacrum (Lair:3)
  A wolf simulacrum (Lair:3)
  A human simulacrum (D:8)
  3 gnolls (D:11)
  An adder (D:4)
  A river rat (Lair:3)
  36 orcs
  3 kobolds
  An aspiring flesh (Zot:3)
  2 butterflies (D:7)
585 creatures vanquished.

Vanquished Creatures (others)
  A fire giant (Vaults:5)
  A dire elephant (Vaults:2)
  A radroach (Spider:4)
  A merfolk aquamancer (Shoals:4)
  A deep elf knight (Elf:2)
  A shadow wraith (Vaults:5)
  A moth of wrath (Zot:4)
  A golden dragon simulacrum (Depths:4)
  A jumping spider (shapeshifter) (Vaults:5)
  A fire elemental (Elf:3)
  41 battlemagi
  3 ancestors
  An orc (Orc:2)
  16 tentacles
71 creatures vanquished.

Grand Total: 2097 creatures vanquished

Notes
Turn   | Place    | Note
-------+----------+-------------------------------------------
     0 | D:1      | nakedcarnage the Octopode Wanderer began the quest for the
                  | Orb.
     0 | D:1      | nakedcarnage set off with the following items: a +0 dagger,
                  | 4 throwing nets {!f}, a wand of flame (6), a scroll of
                  | blinking {@r4}, a +0 hat; and the following spell
                  | memorised: Sandblast; and the following spells available to
                  | memorise: Stone Arrow.
     0 | D:1      | Reached XP level 1. HP: 11/11 MP: 3/3
   147 | D:1      | Reached skill level 1 in Fighting
   179 | D:1      | You fall into a shaft and drop 1 floor!
   200 | D:2      | Reached XP level 2. HP: 15/18 MP: 5/5
   247 | D:2      | Reached skill level 2 in Fighting
   247 | D:2      | Reached XP level 3. HP: 18/24 MP: 6/6
   590 | D:2      | Reached XP level 4. HP: 30/30 MP: 7/7
  1075 | D:1      | Reached skill level 3 in Fighting
  1461 | D:2      | Found a faded altar of an unknown god.
  1809 | D:2      | Found a runed translucent door.
  1810 | D:2      | Noticed Crazy Yiuf
  1905 | D:2      | Reached XP level 5. HP: 31/36 MP: 8/8
  2527 | D:3      | Found a burning altar of Makhleb.
  2707 | D:3      | Found a radiant altar of Vehumet.
  2723 | D:3      | Reached skill level 5 in Dodging
  2839 | D:3      | Found an ancient bone altar of Kikubaaqudgha.
  2839 | D:3      | Found an opulent altar of Gozag.
  2848 | D:3      | Found a sacrificial altar of Ru.
  2848 | D:3      | Found a glowing golden altar of the Shining One.
  2965 | D:4      | Noticed Pikel
  2965 | D:4      | Noticed a lemure
  2965 | D:4      | Noticed a lemure
  2965 | D:4      | Noticed a lemure
  2990 | D:4      | Noticed a lemure
  3173 | D:4      | Noticed a phantom
  3200 | D:5      | Entered Level 5 of the Dungeon
  3221 | D:5      | Reached skill level 4 in Fighting
  3269 | D:4      | Pikel changed into Pikel the human
  3269 | D:4      | Noticed Pikel
  3311 | D:5      | Noticed an ice beast
  3312 | D:5      | Reached XP level 6. HP: 27/43 MP: 9/9
  3454 | D:5      | Noticed a black bear
  3469 | D:5      | Killed a black bear
  3518 | D:5      | Noticed a black bear
  3532 | D:5      | Killed a black bear
  3570 | D:5      | Reached XP level 7. HP: 49/49 MP: 10/10
  3661 | D:5      | Reached skill level 5 in Fighting
  4363 | D:6      | Found an ornate altar of the Wu Jian Council.
  4409 | D:6      | Found a glowing silver altar of Zin.
  4437 | D:6      | Found a sand-covered staircase.
  4442 | Ossuary  | Entered an ossuary
  5089 | D:6      | Identified a scroll of acquirement
  5091 | D:6      | Acquired a +3 lajatang of electrocution
  5117 | D:7      | Learned a level 2 spell: Call Imp
  5126 | D:7      | Reached skill level 6 in Fighting
  5126 | D:7      | Reached skill level 1 in Staves
  5132 | D:7      | Reached XP level 8. HP: 57/57 MP: 11/11
  5137 | D:7      | Found a stormy altar of Qazlal.
  5138 | D:7      | an orc warrior changed into a black mamba
  5138 | D:7      | Noticed a black mamba
  5151 | D:7      | Reached skill level 1 in Summonings
  5738 | D:7      | Identified the +1 robe of Focus {Rampage rPois rC- rN++}
  6293 | D:7      | Found a staircase to the Ecumenical Temple.
  6305 | Temple   | Entered the Ecumenical Temple
  6339 | Temple   | Became a worshipper of Hepliaklqana the Forgotten
  7333 | D:6      | Reached * piety under Hepliaklqana
  7725 | D:4      | Killed Pikel the human
  7726 | D:4      | Reached XP level 9. HP: 46/56 MP: 12/12
  8144 | D:7      | Identified the +4 hand axe of Ru's Castigation {holy, rElec
                  | rF- rCorr Stlth+}
  8147 | D:7      | Reached skill level 7 in Fighting
  8147 | D:7      | Reached skill level 5 in Staves
  8176 | D:7      | Killed a black mamba
  8746 | D:8      | Noticed Maurice
  8844 | D:8      | Noticed Erica
  8851 | D:8      | Killed Erica
  8879 | D:8      | Reached skill level 1 in Long Blades
  9005 | D:8      | Noticed a komodo dragon
  9014 | D:8      | Killed a komodo dragon
  9015 | D:8      | Reached skill level 8 in Fighting
  9015 | D:8      | Reached XP level 10. HP: 35/64 MP: 13/13
  9257 | D:8      | Found a staircase to the Lair.
  9686 | D:8      | Reached skill level 5 in Long Blades
  9707 | D:8      | Found a broken altar of Ashenzari.
  9805 | D:8      | Found a shimmering altar of Xom.
  9848 | D:8      | Reached ** piety under Hepliaklqana
 10182 | D:9      | Reached skill level 9 in Fighting
 10360 | D:9      | Remembered your ancestor Namm as a battlemage
 10889 | D:9      | Reached XP level 11. HP: 37/72 MP: 14/14
 11290 | D:9      | Found a snail-covered altar of Cheibriados.
 11557 | D:9      | Found a staircase to the Orcish Mines.
 11703 | D:10     | Entered Level 10 of the Dungeon
 11757 | D:10     | Reached skill level 10 in Fighting
 11889 | D:10     | Found Siesam's Jewellery Boutique.
 11895 | D:10     | Reached *** piety under Hepliaklqana
 12576 | D:10     | Noticed a two-headed ogre
 12580 | D:10     | Killed a two-headed ogre
 12915 | D:11     | Noticed Psyche
 12918 | D:11     | Killed Psyche
 12919 | D:11     | Reached skill level 10 in Long Blades
 13487 | D:11     | Noticed a manticore
 13507 | D:11     | Killed a manticore
 13700 | D:11     | Found Yjux's Antique Armour Shop.
 14111 | D:12     | Reached skill level 11 in Fighting
 14271 | D:12     | Noticed Jorgrun
 14271 | D:12     | Noticed a cyan ugly thing
 14413 | Lair:1   | Entered Level 1 of the Lair of Beasts
 14423 | Lair:1   | Reached XP level 12. HP: 77/81 MP: 15/15
 14502 | Lair:1   | Noticed a boulder beetle
 14538 | Lair:1   | Killed a boulder beetle
 14901 | Lair:1   | Reached **** piety under Hepliaklqana
 15672 | Lair:2   | Reached skill level 12 in Fighting
 15676 | Lair:2   | Found a hole to the Spider Nest.
 16246 | Lair:2   | Noticed a seven-headed hydra
 16250 | Lair:2   | Killed a five-headed hydra
 16343 | Lair:2   | Reached XP level 13. HP: 57/88 MP: 16/16
 17015 | Lair:2   | Reached ***** piety under Hepliaklqana
 17080 | Lair:2   | Found a staircase to the Shoals.
 17087 | Lair:2   | Reached skill level 13 in Fighting
 17836 | Lair:3   | Found a large runed translucent door.
 17836 | Lair:3   | Found a large runed translucent door.
 17837 | Lair:3   | Noticed Ogavoroi's ghost (journeyman TrWr)
 17854 | Lair:3   | Reached skill level 15 in Long Blades
 18776 | Lair:4   | Learned a level 2 spell: Blink
 18829 | Lair:4   | Noticed Josephine
 18835 | Lair:4   | Killed Josephine
 18836 | Lair:4   | Reached skill level 1 in Translocations
 18847 | Lair:4   | Reached skill level 1 in Invocations
 19411 | Lair:4   | Found a viscous altar of Jiyva.
 19411 | Lair:4   | Found a staircase to the Slime Pits.
 19730 | Lair:5   | Entered Level 5 of the Lair of Beasts
 19730 | Lair:5   | Noticed Urug
 19738 | Lair:5   | Urug changed into Urug the death drake
 19738 | Lair:5   | Noticed Urug
 19740 | Lair:5   | Killed Urug the death drake
 19744 | Lair:5   | Reached XP level 14. HP: 83/96 MP: 17/17
 19755 | Lair:5   | Reached skill level 14 in Fighting
 20588 | Lair:5   | Reached skill level 5 in Invocations
 20684 | Lair:5   | Reached skill level 15 in Fighting
 20930 | Lair:5   | Noticed Rupert
 20950 | Lair:5   | Killed Rupert
 21060 | Lair:5   | Reached skill level 1 in Shapeshifting
 21542 | D:12     | Killed Jorgrun
 21601 | D:12     | Found Kyuff's Weapon Shoppe.
 21626 | D:12     | Found Duzi's Armour Boutique.
 21991 | D:12     | Reached skill level 5 in Shapeshifting
 21991 | D:12     | Reached XP level 15. HP: 104/104 MP: 19/19
 22251 | D:13     | Reached ****** piety under Hepliaklqana
 22422 | D:13     | Found a gate to the Vaults.
 24067 | D:14     | Found a runed translucent door.
 24077 | D:14     | Found a runed translucent door.
 25321 | D:14     | Identified the +1 shortbow of the Lumpy Dances {speed, rC++
                  | Dex+3}
 25448 | D:14     | Got the Elucidation of Decalescent Bruises
 25466 | D:14     | Got the Compilation of Profane Rites
 25731 | D:15     | Entered Level 15 of the Dungeon
 25781 | D:15     | Reached skill level 10 in Shapeshifting
 25795 | D:15     | Found Netzeala's Distillery.
 25842 | D:15     | Bought a potion of resistance for 150 gold pieces
 25842 | D:15     | Bought a potion of heal wounds for 75 gold pieces
 25842 | D:15     | Bought a potion of enlightenment for 75 gold pieces
 25842 | D:15     | Bought a potion of resistance for 150 gold pieces
 25842 | D:15     | Bought a potion of heal wounds for 75 gold pieces
 25842 | D:15     | Bought 2 potions of degeneration for 30 gold pieces
 25857 | D:15     | Noticed Agnes
 25862 | D:15     | Killed Agnes
 26204 | D:15     | Reached skill level 10 in Dodging
 26238 | D:15     | Reached skill level 16 in Fighting
 26606 | D:8      | Killed Maurice
 26829 | D:2      | Killed Crazy Yiuf
 27035 | Orc:1    | Entered Level 1 of the Orcish Mines
 27035 | Orc:1    | Found Yhitopex's Jewellery Shoppe.
 27038 | Orc:1    | Reached XP level 16. HP: 111/111 MP: 20/20
 27097 | Orc:1    | Found a roughly hewn altar of Beogh.
 27396 | Orc:2    | Entered Level 2 of the Orcish Mines
 27464 | Orc:2    | Paralysed by an orc sorcerer for 2 turns
 27481 | Orc:2    | Found a roughly hewn altar of Beogh.
 27710 | Orc:2    | Found a staircase to the Elven Halls.
 27861 | Orc:2    | Found Tuprarer's Distillery.
 27861 | Orc:2    | Found Efoech's Antique Armour Boutique.
 28045 | Orc:2    | Found Orchaupp's Distillery.
 28051 | Orc:2    | Found Agis's Magic Scroll Shop.
 28125 | Orc:2    | Bought a potion of lignification for 42 gold pieces
 28125 | Orc:2    | Bought a potion of haste for 140 gold pieces
 28125 | Orc:2    | Bought a potion of heal wounds for 70 gold pieces
 28125 | Orc:2    | Bought a potion of curing for 42 gold pieces
 28125 | Orc:2    | Bought a potion of curing for 42 gold pieces
 28126 | Orc:2    | Bought a scroll of blinking for 127 gold pieces
 28127 | Orc:2    | Bought a potion of curing for 33 gold pieces
 28127 | Orc:2    | Bought a potion of heal wounds for 55 gold pieces
 28127 | Orc:2    | Bought a potion of curing for 33 gold pieces
 28127 | Orc:2    | Bought a potion of cancellation for 88 gold pieces
 28434 | Orc:1    | Found a roughly hewn altar of Beogh.
 28527 | Orc:1    | Bought a +6 ring of dexterity for 576 gold pieces
 28527 | Orc:1    | Bought a ring of see invisible for 240 gold pieces
 28938 | Elf:1    | Entered Level 1 of the Elven Halls
 28942 | Elf:1    | Reached skill level 17 in Fighting
 28950 | Elf:1    | Reached skill level 1 in Shields
 29099 | Elf:1    | Found Dovimul's Self-Improvement Boutique.
 29120 | Elf:1    | Noticed a Hell Sentinel
 29408 | Elf:1    | Found a shimmering blue altar of Sif Muna.
 29617 | Elf:1    | Found Hicsekh's General Store.
 29630 | Elf:1    | Bought a wand of digging (7) for 411 gold pieces
 29822 | Elf:2    | Found Soops's Magic Scroll Boutique.
 29829 | Elf:2    | Bought a scroll of butterflies for 60 gold pieces
 29829 | Elf:2    | Bought a scroll of fear for 60 gold pieces
 29927 | Elf:2    | Reached skill level 5 in Shields
 29954 | Elf:2    | Found a huge runed translucent gate.
 29954 | Elf:2    | Found a huge runed translucent gate.
 29954 | Elf:2    | Found a huge runed translucent gate.
 29954 | Elf:2    | Found a huge runed translucent gate.
 29955 | Elf:2    | Found a huge runed translucent gate.
 30052 | Elf:2    | Reached XP level 17. HP: 120/120 MP: 21/21
 30087 | Elf:2    | Reached skill level 18 in Fighting
 30597 | Elf:3    | Entered Level 3 of the Elven Halls
 30679 | Elf:3    | Found a flickering gateway to a bazaar.
 30686 | Bazaar   | Entered a bazaar
 30686 | Bazaar   | Found Cilepa's Magic Scroll Shop.
 30766 | Bazaar   | Found Roqus's Distillery.
 30769 | Bazaar   | Found Roalapao's Magic Scroll Emporium.
 30772 | Bazaar   | Found Boffiurph's Jewellery Shop.
 30775 | Bazaar   | Bought a potion of curing for 39 gold pieces
 31290 | Elf:3    | Paralysed by an air elemental for 1 turns
 31549 | Abyss:3  | Cast into level 3 of the Abyss (a deep elf demonologist)
 31557 | Abyss:3  | Found a corrupted altar of Lugonu.
 31614 | Abyss:3  | Noticed a lich
 31622 | Abyss:3  | Killed a lich
 31658 | Elf:3    | Escaped the Abyss
 31796 | Elf:3    | Reached skill level 19 in Fighting
 31811 | Elf:3    | Noticed a deep elf master archer
 31813 | Elf:3    | Killed a deep elf master archer
 31816 | Elf:3    | Identified the +0 robe of the Beginning {rElec Will++}
 32104 | Elf:3    | Identified the +4 lajatang "Focvuc" {heavy, rF- Dex+7}
 32135 | Elf:3    | Noticed a deep elf blademaster
 32144 | Elf:3    | Killed a deep elf blademaster
 32316 | Elf:3    | Identified the ring "Josocs" {rF+ rC+ Str+3 Int+4}
 32799 | Elf:3    | Noticed an Ice Fiend
 32802 | Elf:3    | Reached XP level 18. HP: 121/123 MP: 22/22
 32844 | Elf:3    | Found the +9 scales of the Dragon King {rPois rF+ rC+
                  | Will+}
 32850 | Elf:3    | Identified the +1 arbalest "Zato" {antimagic, Str+3 Int+2
                  | Dex-2 SInv}
 32867 | Elf:3    | Got the Quarto of Phantasms
 32911 | Elf:3    | Identified the staff of Fext {rF+ rN+ Will+ Str+2 Hexes
                  | Necro}
 33256 | Shoals:1 | Entered Level 1 of the Shoals
 33651 | Shoals:1 | Identified the +4 spear of Amortisation {venom, rC+}
 34163 | Shoals:2 | Found a transporter.
 34166 | Shoals:2 | Found a transporter.
 34495 | Shoals:2 | Reached skill level 20 in Fighting
 34658 | Shoals:2 | Noticed Sufi's ghost (adept GrEE)
 35020 | Shoals:4 | Entered Level 4 of the Shoals
 35417 | Shoals:4 | Noticed Nikola
 35431 | Shoals:4 | Killed Nikola
 35641 | Shoals:4 | Reached skill level 10 in Shields
 35879 | Shoals:4 | Acquired a +2 demon blade of venom
 35895 | Shoals:4 | Got a barnacled rune of Zot
 35946 | Shoals:4 | Reached XP level 19. HP: 118/137 MP: 19/23
 36014 | Shoals:4 | Got the Grimoire of the Salvo and Angles
 36687 | Orc:2    | Bought a scroll of enchant weapon for 127 gold pieces
 36734 | Elf:1    | Bought a scroll of enchant weapon for 105 gold pieces
 36734 | Elf:1    | Bought a potion of curing for 42 gold pieces
 36734 | Elf:1    | Bought a potion of curing for 42 gold pieces
 36933 | Spider:1 | Entered Level 1 of the Spider Nest
 37464 | Spider:2 | Found a glacial archway.
 37481 | IceCv    | Entered an ice cave
 37500 | IceCv    | Reached skill level 15 in Dodging
 37732 | IceCv    | Learned a level 4 spell: Passage of Golubria
 37736 | IceCv    | Learned a level 3 spell: Passwall
 37858 | IceCv    | Found a viscous altar of Jiyva.
 37886 | IceCv    | Identified the amulet "Citt" {Spirit Rampage rN+}
 37889 | IceCv    | Got the Thoughts on Hypothermia
 38627 | Spider:3 | Noticed Azrael
 38638 | Spider:3 | Killed Azrael
 38656 | Spider:3 | Noticed Louise
 38657 | Spider:3 | Reached skill level 5 in Translocations
 38773 | Spider:3 | Killed Louise
 39304 | Spider:4 | Entered Level 4 of the Spider Nest
 39376 | Spider:4 | Reached XP level 20. HP: 112/144 MP: 17/24
 39398 | Spider:4 | Reached skill level 5 in Earth Magic
 39404 | Spider:4 | Reached skill level 21 in Fighting
 39567 | Spider:4 | Acquired 1150 gold pieces
 40148 | Spider:4 | Got a gossamer rune of Zot
 40876 | Vaults:1 | Entered Level 1 of the Vaults
 40998 | Vaults:1 | Identified the +3 robe of Kenegis {^Contam rF+ rCorr
                  | Stlth+}
 40998 | Vaults:1 | Noticed Boris
 41007 | Vaults:1 | Killed Boris
 41203 | Vaults:1 | Noticed Norris
 41218 | Vaults:1 | Killed Norris
 41508 | Vaults:1 | Identified the serpent talisman of Okawaru's Fury {Dex+3}
 41508 | Vaults:1 | Noticed Aizul
 41519 | Vaults:1 | Killed Aizul
 41707 | Vaults:1 | Reached skill level 5 in Spellcasting
 41775 | Vaults:1 | Identified the +4 orcbow "Vuihinad" {antimagic, rCorr Str-5
                  | Dex+5 Stlth-}
 42006 | Vaults:1 | Found Ikimarphia's Book Emporium.
 42190 | Vaults:2 | Noticed Sojobo
 42211 | Vaults:2 | Killed Sojobo
 42244 | Vaults:2 | Found Baditaur's Antique Weapon Shop.
 42301 | Vaults:2 | Noticed a hellephant
 42303 | Vaults:2 | Noticed Margery
 42316 | Vaults:2 | Killed Margery
 42329 | Vaults:2 | Killed a hellephant
 42613 | Vaults:2 | Reached XP level 21. HP: 151/151 MP: 29/29
 43079 | Vaults:2 | Reached skill level 15 in Shields
 43144 | Vaults:2 | Noticed Asterion
 43158 | Vaults:2 | Killed Asterion
 43398 | Vaults:2 | Reached skill level 22 in Fighting
 43411 | Vaults:2 | Identified the amulet of Rienu {rF- rN+ Will++ Regen+ SInv}
 43427 | Vaults:3 | Found a flickering gateway to a bazaar.
 43432 | Bazaar   | Entered a bazaar
 43453 | Bazaar   | Found Qeruegergh's Armour Emporium.
 43468 | Bazaar   | Found Naluot's Antique Armour Shoppe.
 43484 | Bazaar   | Found Kiyliok's Book Shoppe.
 43484 | Bazaar   | Found Sotaonuwi's Magic Scroll Emporium.
 43489 | Bazaar   | Bought a scroll of acquirement for 728 gold pieces
 43489 | Bazaar   | Bought a scroll of butterflies for 56 gold pieces
 43489 | Bazaar   | Bought a scroll of fog for 56 gold pieces
 43489 | Bazaar   | Bought a scroll of teleportation for 42 gold pieces
 43489 | Bazaar   | Bought a scroll of teleportation for 42 gold pieces
 43489 | Bazaar   | Acquired 1061 gold pieces
 44529 | Vaults:3 | Found a staircase to the Crypt.
 44858 | Vaults:4 | Identified the +3 robe of Toothy the Good {rElec Will++
                  | Int-2 Stlth+}
 44858 | Vaults:4 | Noticed Boris
 44870 | Vaults:4 | Killed Boris
 44877 | Vaults:4 | Reached XP level 22. HP: 160/160 MP: 28/31
 44946 | Vaults:4 | Found Feuqazef's Distillery.
 44954 | Vaults:4 | Bought a potion of curing for 51 gold pieces
 44954 | Vaults:4 | Bought a potion of might for 68 gold pieces
 44954 | Vaults:4 | Bought a potion of curing for 51 gold pieces
 44954 | Vaults:4 | Bought 2 potions of might for 136 gold pieces
 44954 | Vaults:4 | Bought 2 potions of might for 136 gold pieces
 44954 | Vaults:4 | Bought a potion of curing for 51 gold pieces
 44997 | Vaults:4 | Found Takh's Antique Armour Boutique.
 45047 | Vaults:4 | Found Byobbiro's Armour Shoppe.
 45304 | Vaults:4 | Identified the +5 orcbow "Huapt" {drain, Int+2}
 45356 | Vaults:4 | Found Seif's Assorted Antiques.
 45364 | Vaults:4 | Bought a ring of protection from fire for 850 gold pieces
 45627 | Vaults:4 | Reached skill level 23 in Fighting
 46337 | Lair:3   | Killed Ogavoroi's ghost
 47472 | D:15     | Found a staircase to the Depths.
 47514 | Depths:1 | Entered Level 1 of the Depths
 47923 | Depths:1 | You fall into a shaft and drop 1 floor!
 48322 | Depths:2 | Identified the +8 trident of Duty {freeze, rPois}
 48344 | Depths:2 | Reached skill level 24 in Fighting
 48384 | Depths:2 | Found a gateway to Hell.
 48508 | Depths:2 | Found Jedixupu's Jewellery Shoppe.
 48603 | Depths:2 | Reached XP level 23. HP: 156/169 MP: 29/32
 48769 | Depths:2 | Found a one-way gate leading to the halls of Pandemonium.
 49052 | Depths:1 | Found a sacrificial altar of Ru.
 50070 | Depths:3 | Found a one-way gate to the infinite horrors of the Abyss.
 50096 | Depths:3 | Noticed a golden dragon
 50102 | Depths:3 | Killed a golden dragon
 50259 | Depths:3 | Noticed a juggernaut
 50265 | Depths:3 | Killed a juggernaut
 50282 | Depths:3 | Noticed a juggernaut
 50282 | Depths:3 | Noticed a juggernaut
 50308 | Depths:3 | Killed a juggernaut
 50316 | Depths:3 | Killed a juggernaut
 50336 | Depths:3 | Noticed a dread lich
 50345 | Depths:3 | Killed a dread lich
 50556 | Depths:3 | Identified the +3 hand axe of Foajiwu {drain, Fly Str+3}
 50569 | Depths:3 | Identified the +6 lajatang of Feischar {heavy, ^Drain
                  | Int+7}
 50572 | Depths:3 | Identified the staff "Meojior" {rF+ Int+7 Fire Earth}
 50864 | Depths:3 | Found a one-way gateway to a ziggurat.
 50942 | Depths:4 | Entered Level 4 of the Depths
 50978 | Depths:4 | Found a gate to the Realm of Zot.
 50999 | Depths:4 | Identified the +7 short sword of Jewkevydgh {drain, rF+ rN+
                  | rCorr}
 51296 | Depths:4 | Noticed a juggernaut
 51306 | Depths:4 | Killed a juggernaut
 51574 | Depths:4 | Found a shimmering blue altar of Sif Muna.
 51689 | Depths:4 | Found Big Baal Hell's Store.
 52157 | Orc:2    | Bought a potion of mutation for 88 gold pieces
 52208 | Elf:2    | Bought a scroll of fear for 60 gold pieces
 52208 | Elf:2    | Bought a scroll of revelation for 112 gold pieces
 52259 | Orc:2    | Bought a potion of mutation for 112 gold pieces
 52259 | Orc:2    | Bought a potion of mutation for 112 gold pieces
 52476 | D:15     | Bought a potion of magic for 120 gold pieces
 52716 | Elf:1    | Bought a manual of Shapeshifting for 1200 gold pieces
 52719 | Elf:1    | Learned a level 2 spell: Lesser Beckoning
 53073 | Vaults:5 | Entered Level 5 of the Vaults
 53091 | Vaults:5 | Reached XP level 24. HP: 175/175 MP: 32/32
 53094 | Vaults:5 | Noticed an ancient lich
 53099 | Vaults:5 | Killed an ancient lich
 53196 | Vaults:5 | Reached skill level 15 in Shapeshifting
 53391 | Vaults:5 | Noticed a dread lich
 53395 | Vaults:5 | Killed a dread lich
 53408 | Vaults:5 | Identified the ring "Holuw" {^Drain rPois rC+ rN+}
 53411 | Vaults:5 | Identified the +5 halberd "Umybriy" {protect, Dex+2}
 53446 | Vaults:5 | Noticed a dread lich
 53457 | Vaults:5 | Killed a dread lich
 53548 | Vaults:5 | Identified the ring "Ompadd Puef" {Ice Stlth+}
 53608 | Vaults:5 | Identified the staff "Tugyut" {rElec rF+ Conj}
 53626 | Vaults:5 | Identified the +5 falchion "Mopes" {protect, rC+}
 53635 | Vaults:5 | Noticed a dread lich
 53647 | Vaults:5 | Killed a dread lich
 53697 | Vaults:5 | Noticed an ancient lich
 53703 | Vaults:5 | Killed an ancient lich
 53770 | Vaults:5 | Got a silver rune of Zot
 54274 | Vaults:5 | Identified the +12 rapier "Libleycw" {elec, rPois Dex+3}
 54301 | Vaults:5 | Identified the staff of Putrescence {rElec rF+ rC+ Stlth-
                  | Fire}
 54331 | Vaults:5 | Learned a level 1 spell: Apportation
 54717 | Zot:1    | Entered Level 1 of the Realm of Zot
 54765 | Zot:1    | Reached skill level 10 in Invocations
 55075 | Zot:4    | Noticed a curse toe
 55082 | Zot:4    | Killed a curse toe
 55083 | Zot:4    | Reached XP level 25. HP: 180/180 MP: 32/32
 55401 | Zot:5    | Entered Level 5 of the Realm of Zot
 55751 | Zot:4    | Found an opulent altar of Gozag.
 55983 | Zot:5    | Found a runed translucent gate.
 55983 | Zot:5    | Found a runed translucent gate.
 55983 | Zot:5    | Found a runed translucent gate.
 55983 | Zot:5    | Noticed Borsukrates's ghost (legendary FoEn)
 55986 | Zot:5    | Noticed Sisiakhle's ghost (legendary KoDe)
 56093 | Zot:5    | Noticed an ancient lich
 56099 | Zot:5    | Killed an ancient lich
 56107 | Zot:5    | Noticed a dread lich
 56113 | Zot:5    | Killed a dread lich
 56113 | Zot:5    | Noticed an orb of fire
 56121 | Zot:5    | Killed an orb of fire
 56126 | Zot:5    | Noticed a dread lich
 56129 | Zot:5    | Killed a dread lich
 56130 | Zot:5    | Noticed a dread lich
 56133 | Zot:5    | Killed a dread lich
 56134 | Zot:5    | Noticed an orb of fire
 56141 | Zot:5    | Killed an orb of fire
 56141 | Zot:5    | Noticed an ancient lich
 56145 | Zot:5    | Killed an ancient lich
 56146 | Zot:5    | Noticed a dread lich
 56150 | Zot:5    | Killed a dread lich
 56150 | Zot:5    | Noticed a dread lich
 56154 | Zot:5    | Killed a dread lich
 56167 | Zot:5    | Noticed a Killer Klown
 56171 | Zot:5    | Killed a Killer Klown
 56199 | Zot:5    | Reached XP level 26. HP: 186/186 MP: 32/32
 56442 | Zot:5    | Found Noshatoung's Changing Room.
 56624 | Zot:5    | Noticed a dread lich
 56629 | Zot:5    | Noticed a Killer Klown
 56630 | Zot:5    | Killed a dread lich
 56632 | Zot:5    | Killed a Killer Klown
 56633 | Zot:5    | Identified the amulet "Selim" {Reflect *Corrode +Inv Str+3
                  | SH+5 Stlth+}
 56641 | Zot:5    | Noticed a dread lich
 56653 | Zot:5    | Killed a dread lich
 56887 | Zot:5    | Noticed an ancient lich
 56898 | Zot:5    | Killed an ancient lich
 57024 | Zot:5    | Noticed a dread lich
 57030 | Zot:5    | Killed a dread lich
 57030 | Zot:5    | Noticed an ancient lich
 57040 | Zot:5    | Noticed a Killer Klown
 57073 | Zot:5    | Killed a Killer Klown
 57105 | Zot:5    | Killed an ancient lich
 57217 | Zot:5    | Got the Orb of Zot
 57252 | Zot:3    | Noticed Ofal the pandemonium lord
 57423 | Depths:1 | Noticed Uthovuib the pandemonium lord
 57515 | D:13     | Noticed Fubute the pandemonium lord
 57777 | D:$      | Escaped with the Orb!

Illustrated notes

Levels and vault maps discovered:
D:1:      amcnicky_arrival_underground_garden, layout_basic
D:2:      layout_basic, dreamdust_ecumenical_altar_hidden_monk_grotto,
          nicolae_half_adder, uniq_crazy_yiuf_cottage
D:3:      layout_rooms, mainiacjoe_overflow_paths,
          minmay_overflow_temple_star_hex, chequers_serial_rivers_large_b,
          minmay_misc_feat_encased, chequers_serial_rivers_small_b
D:4:      layout_rooms, chequers_serial_rivers_micro_d, uniq_pikel
D:5:      layout_loops_cross
D:6:      layout_layer_cave, nicolae_wu_jian_wuxing_cycle,
          mainiacjoe_overflow_six_doors_small,
          nicolae_ossuary_entry_false_entrances
D:7:      layout_basic, mainiacjoe_overflow_brackets, minmay_temple_entry_glass,
          hangedman_glass_garden
D:8:      layout_basic, mainiacjoe_overflow_alcove_4,
          mainiacjoe_overflow_alcove_2, erik_lair_dragon, serial_curves,
          eino_curves_03, eino_curves_02, chequers_serial_rivers_micro_c,
          bh_circular_ruins, uniq_maurice, uniq_erica
D:9:      layout_loops_corners, kennysheep_slug_shrine, erik_orc_2
D:10:     layout_rooms, serial_shops, shop, nicolae_kite_square_tiling_tiny
D:11:     layout_basic, serial_shops, shop, uniq_psyche
D:12:     layout_rooms, serial_shops, shop, kennysheep_mini_moat, uniq_jorgrun
D:13:     layout_basic, david_vaults_4, minivault_8
D:14:     minmay_the_grid_triangle_9x9_line_8_mashed
          [minmay_the_grid_triangle_9x9_tough_junction,
          minmay_the_grid_triangle_9x9_stretched_checkered,
          minmay_the_grid_triangle_9x9_intruding_spiral,
          minmay_the_grid_triangle_9x9_impossible_snake,
          minmay_the_grid_triangle_9x9_empty,
          minmay_the_grid_triangle_9x9_odd_lines,
          minmay_the_grid_triangle_9x9_alien,
          minmay_the_grid_triangle_9x9_prize_insulated], layout_layer_cave,
          minmay_misc_feat_columns
D:15:     grunt_enter_depths_hoard, layout_rooms, serial_shops, shop,
          hangedman_abyss_or_decor_stabs, uniq_agnes
Temple:   cyrus_temple_forest
Lair:1:   layout_cave_pods, grunt_megastairs_1, lemuel_fruit_tree
Lair:2:   nzn_winding_woodlands_medium [nzn_winding_woodlands_5x5_open_star,
          nzn_winding_woodlands_5x15_zeroes,
          nzn_winding_woodlands_5x5_closed_star,
          nzn_winding_woodlands_5x5_cross,
          nzn_winding_woodlands_center_diamonds,
          nzn_winding_woodlands_5x5_checkerboard,
          nzn_winding_woodlands_5x5_three, nzn_winding_woodlands_5x15_pool,
          nzn_winding_woodlands_5x5_default], layout_cave_pods,
          elwin_shoals_entry_rooms, spider_nest_entry_webs, minivault_26
Lair:3:   layout_cave_shapes, ebering_ghost_disaster_area, fungi_pond_lemuel,
          eino_house_with_fridge
Lair:4:   layout_regular_city, dpeg_slime_entry_enclosed, minmay_holes,
          infiniplex_staircase_pool, lemuel_fruit_fields, uniq_josephine
Lair:5:   evilmike_catoblepas_cave, layout_regular_city,
          chequers_serial_rivers_room_a, uniq_rupert, uniq_urug
Shoals:1: layout_shoals
Shoals:2: layout_shoals, ebering_ghost_davey_jones
Shoals:3: layout_shoals, nicolae_shoals_water_shrine
Shoals:4: shoals_end_hangedman, layout_shoals, uniq_nikola
Spider:1: layout_spider_delve
Spider:2: layout_spider_delve, portal_ice_cave_entry_pillars_2,
          hangedman_stitches_earthworm
Spider:3: layout_spider_delve, uniq_louise, uniq_azrael
Spider:4: guppyfry_spider_rune
Orc:1:    layout_caves, serial_shops, shop, nicolae_orc_beogh_chapel,
          kennysheep_orc_chapel
Orc:2:    st_orc_mages, layout_caves, basic_altar
Elf:1:    minmay_elf_arrival_circle, layout_geoelf_grid, basic_altar,
          serial_shops, nicolae_shop_just_a_little_nook,
          hangedman_elf_disciples, nicolae_shop_self_help
Elf:2:    elven_hall_of_blades_hangedman_alternative
          [infiniplex_blade_entry_pillars], layout_geoelf_octagon, serial_shops,
          nicolae_stop_n_shop_2, nicolae_elf_w_pinch
Elf:3:    minmay_elf_hall_x, layout_geoelf_diagonals, serial_shops,
          freezing_bzr, nicolae_concentric_dashed_squares_mild,
          grunt_ministairs_8
Vaults:1: nicolae_vaults_halls_meeting, v_misc_30, vaults_dpeg_emergency_exit,
          nicolae_vaults_little_squares_4, layout_vaults_omnigrid, serial_shops,
          shop, uniq_norris, uniq_boris, uniq_aizul
Vaults:2: nicolae_vaults_tangram_1, nicolae_vaults_tetromino_Z_2,
          hangedman_vaults_maws, v_pattern_2, vaults_room_guarded_vault,
          nicolae_vaults_theta, nicolae_vaults_closet_pinwheel_2,
          ontoclasm_vaults_eye, ontoclasm_vaults_idyll,
          nicolae_vaults_tetromino_T_1, layout_vaults_maze_bifur, serial_shops,
          shop, uniq_asterion, uniq_sojobo, uniq_margery
Vaults:3: ontoclasm_vaults_misaligned, v_misc_33,
          minmay_crypt_entry_simple_round, v_misc_10,
          serial_library_hellmonk_open_square, vaults_room_door_ring,
          v_alt_pattern_2, nicolae_vaults_wrenched, vaults_room_door_ring,
          hangedman_vaults_corner_blocks, ontoclasm_vaults_claustrophobia,
          nicolae_vaults_doubleplus_tesselated, nicolae_vaults_diamond_1,
          nicolae_vaults_tetromino_L_1, nicolae_vaults_border_crossing,
          layout_vaults_ring, serial_shops, bzr_entry_dummy
Vaults:4: nicolae_vaults_octothorpe, v_pattern_1,
          nicolae_vaults_network_barrier, ontoclasm_vaults_decontamination,
          nicolae_vaults_sightless_eye, nicolae_vaults_little_squares_5,
          nicolae_vaults_closet_pinwheel_1, vaults_room_fours,
          vaults_room_hallway, nicolae_vaults_gold_heap,
          layout_vaults_omnicross, serial_shops, shop, shop_statue, shop, shop
Vaults:5
Depths:1: cheibrodos_birdhouse, layout_cross, grunt_hell_entry_dis_old,
          nicolae_ru_path_of_blood, minivault_11, kennysheep_small_square
Depths:2: minmay_ornate_pinched, layout_gridville, grunt_mini_vestibule,
          rand_demon_pan_entry_7, st_stairs_13, minmay_shop_enchanted_jewellery,
          minmay_fountain_box, minmay_starry_boxes
Depths:3: minmay_nine_rooms, layout_cave_pools, enter_ziggurat_a,
          pf_hell_entry_tar_river, abyss_entry, small_chamber_with_monster,
          minmay_staircase_windowed_large
Depths:4: evilmike_zot_entry_round, layout_basic, abyss_entry,
          nicolae_hell_entry_big_baal_hell, lemuel_blue_sif_altar,
          uniq_josephina
Zot:1:    nicolae_zot_draconian_monastery, layout_misc_corridors,
          hangedman_zot_decor_unnerving_road, uniq_vv, uniq_tiamat
Zot:2:    layout_gridlike, hangedman_zot_decor_scrapings
Zot:3:    layout_onion
Zot:4:    lemuel_halls_of_wrath, layout_cellular_growth,
          regret_index_zotdec_silver_v_v_orig_slice
Zot:5:    layout_gridlike, gammafunk_ghost_cemetery, nicolae_transmutations_shop

Skill      XL: |  1  2  3  4  5  6  7  8  9 10 11 12 13 14 15 16 17 18 19 20 21 22 23 24 25 26 |
---------------+-------------------------------------------------------------------------------+-----
Fighting       | 1 2 3 4 6 8 9 11 12 13 15 16 17 19 20 21 22 24 | 24.2
Dodging        | 5 6 7 8 9 10 11 13 14 15 16 17 19 | 19.9
Stealth        | 2 3 |  3.0
Evocations     | 2 3 |  3.4
Staves         | 1 4 6 |  6.9
Summonings     | 2 |  2.0
Long Blades    | 2 7 11 13 15 16 18 19 | 19.9
Translocations | 3 4 5 6 |  6.0
Invocations    | 2 5 7 10 12 | 12.0
Shapeshifting  | 5 10 14 18 20 21 | 21.0
Shields        | 5 10 12 14 15 | 15.0
Earth Magic    | 4 5 |  5.0
Spellcasting   | 3 5 6 |  6.0

Action                     |  1- 3 |  4- 6 |  7- 9 | 10-12 | 13-15 | 16-18 | 19-21 | 22-24 | 25-27 || total
---------------------------+-------+-------+-------+-------+-------+-------+-------+-------+-------++-------
  Melee: Dagger            |    58 |   166 |    75 |       |       |       |       |       |       ||   299
         Constrict         |    13 |    47 |    50 |    56 |    70 |   205 |   174 |   129 |    45 ||   789
         Tentacles         |    11 |    34 |    59 |    83 |   203 |   213 |   402 |   414 |   162 ||  1581
         Lajatang          |       |       |   140 |    27 |       |       |       |       |       ||   167
         Scimitar          |       |       |       |   323 |   619 |   736 |       |       |       ||  1678
         Maw               |       |       |       |       |    24 |   324 |   521 |   305 |       ||  1174
         Demon blade       |       |       |       |       |       |     5 |  1060 |   938 |   372 ||  2375
  Throw: Dart              |       |     6 |       |       |       |       |       |       |       ||     6
         Javelin           |       |       |    13 |     1 |       |       |       |       |       ||    14
         Throwing net      |       |       |     1 |     1 |     2 |       |       |       |       ||     4
   Cast: Blink             |       |       |       |       |       |       |       |     2 |       ||     2
         Passage of Golubr |       |       |       |       |       |       |       |       |     1 ||     1
 Invoke: Recall Ancestor   |       |       |     1 |     8 |     6 |    12 |     5 |     5 |     7 ||    44
         Ancestor Life: Ba |       |       |       |     1 |       |       |       |       |       ||     1
         Idealise          |       |       |       |       |     4 |     5 |     8 |     3 |     2 ||    22
  Evoke: Wand              |       |     4 |    13 |     7 |    12 |     2 |     2 |     2 |     3 ||    45
         Phantom mirror    |       |       |       |       |       |       |     2 |     1 |       ||     3
    Use: Scroll            |       |     7 |    10 |     6 |    16 |    12 |    20 |    14 |     8 ||    93
         Potion            |       |       |     3 |       |       |     2 |     6 |       |     7 ||    18
   Stab: Sleeping          |     4 |    14 |     9 |     6 |     4 |    13 |    28 |     9 |       ||    87
         Held in net/web   |       |       |     1 |       |     1 |       |     1 |     2 |       ||     5
         Paralysed         |       |       |     6 |       |     4 |       |     3 |     3 |     3 ||    19
         Distracted        |       |       |       |     7 |     7 |    20 |    27 |    28 |     6 ||    95
         Invisible         |       |       |       |       |       |     3 |       |       |    10 ||    13
         Confused          |       |       |       |       |       |       |     5 |    18 |     4 ||    27
         Petrifying        |       |       |       |       |       |       |     5 |     2 |       ||     7
         Petrified         |       |       |       |       |       |       |     4 |       |       ||     4
 Armour: Skin              |    12 |    68 |    99 |   176 |   155 |   157 |   196 |   169 |   112 ||  1144
  Dodge: Dodged            |    49 |   135 |   124 |   285 |   602 |   776 |   804 |   692 |   445 ||  3912
  Block: Buckler           |       |       |       |       |       |    78 |       |       |       ||    78
         Reflection        |       |       |       |       |       |    18 |       |       |       ||    18
         Kite shield       |       |       |       |       |       |   305 |   993 |   896 |   417 ||  2611
   Form: Maw               |       |       |       |       |     1 |       |       |       |       ||     1
         Statue            |       |       |       |       |       |       |       |     1 |       ||     1

Table legend: (Time is in decaauts)
 A = Elapsed time spent in this place.
 B = Non-inter-level travel time spent in this place.
 C = Inter-level travel time spent in this place.
 D = Time resting spent in this place.
 E = Time spent auto-exploring this place.
 F = Levels seen in this place.
 G = Mean time per level.
                   A        B        C        D        E       F      G
               +--------+--------+--------+--------+--------+-----+--------+
         Total |  60301 |  52114 |   8187 |  10226 |  30160 |  53 | 1137.8 |
       Dungeon |  22661 |  18326 |   4335 |   4659 |  10448 |  15 | 1510.7 |
        Temple |     67 |      3 |     64 |      0 |      0 |   1 |   67.0 |
          Lair |   7244 |   6685 |    559 |   1246 |   4297 |   5 | 1448.8 |
        Shoals |   3174 |   2989 |    185 |    441 |   1807 |   4 |  793.5 |
   Spider Nest |   3090 |   2967 |    123 |    303 |   1966 |   4 |  772.5 |
  Orcish Mines |   1843 |   1379 |    464 |    234 |    790 |   2 |  921.5 |
   Elven Halls |   4583 |   4064 |    519 |    948 |   2108 |   3 | 1527.7 |
        Vaults |   7264 |   6508 |    756 |    463 |   4476 |   5 | 1452.8 |
        Depths |   5311 |   4703 |    608 |    567 |   3084 |   4 | 1327.8 |
           Zot |   3713 |   3143 |    570 |   1097 |    795 |   5 |  742.6 |
         Abyss |    102 |    102 |      0 |      2 |      0 |   1 |  102.0 |
        Bazaar |    195 |    195 |      0 |      0 |    171 |   2 |   97.5 |
       Ossuary |    551 |    551 |      0 |    185 |     97 |   1 |  551.0 |
      Ice Cave |    496 |    496 |      0 |     77 |    121 |   1 |  496.0 |
               +--------+--------+--------+--------+--------+-----+--------+

Top non-repeatable levels by time:
    D:13: 2576 daAuts
     D:9: 2466 daAuts
   Elf:3: 2174 daAuts
    D:14: 2165 daAuts
     D:8: 2141 daAuts
   Zot:5: 2118 daAuts
  Lair:2: 2007 daAuts
Vaults:5: 1846 daAuts
     D:7: 1766 daAuts
    D:11: 1669 daAuts
Depths:3: 1558 daAuts
Vaults:1: 1504 daAuts
Depths:4: 1472 daAuts
     D:6: 1449 daAuts
  Lair:1: 1444 daAuts
